 Dungeon Crawl Stone Soup version 0.28-a0-863-g8cecda6153 (webtiles) character file.

Game seed: 9593589212289130765

201 BinkBink the Sneak (level 5, -3/36 HPs)
             Began as an Octopode Monk on Nov 20, 2021.
             Slain by a gnoll (7 damage)
             ... on level 3 of the Dungeon.
             The game lasted 00:03:52 (3338 turns).

BinkBink the Sneak (Octopode Monk)                  Turns: 3338, Time: 00:03:54

Health: -3/36      AC:  1    Str: 10    XL:     5   Next: 79%
Magic:  5/5        EV: 14    Int: 13    God:
Gold:   103        SH:  0    Dex: 15    Spells: 4/4 levels left

rFire   . . .      SeeInvis .     - Unarmed
rCold   . . .      Faith    .   (no shield)
rNeg    . . .      Spirit   .   (helmet restricted)
rPois   .          Reflect  .   (no amulet)
rElec   .          Harm     .   (no ring)
rCorr   .          Rampage  .   (no ring)
Will    .....                   (no ring)
Stlth   ++++......              (no ring)
HPRegen 0.12/turn               (no ring)
MPRegen 0.09/turn               (no ring)
                                (no ring)
                                (no ring)

@: no status effects
A: almost no armour, amphibious, 8 rings, camouflage 1, gelatinous body 1,
(nimble swimmer 1), tentacles
a: no special abilities


You were on level 3 of the Dungeon.
You visited 1 branch of the dungeon, and saw 3 of its levels.

You collected 103 gold pieces.

Inventory:

Scrolls
 b - a scroll of enchant armour
 c - a scroll of brand weapon {unknown}
 d - 2 scrolls of identify
Potions
 a - a potion of lignification
 e - a potion of curing


   Skills:
 + Level 3.4 Fighting
 + Level 3.4 Dodging
 + Level 6.0 Stealth
 + Level 4.2 Unarmed Combat


You had 4 spell levels left.
You didn't know any spells.
Your spell library was empty.

Dungeon Overview and Level Annotations

Branches:
Dungeon (3/15)

Altars:

Annotations:
D:3 1 runed translucent door, Gargoyl's ghost, weakling GnAK


Innate Abilities, Weirdness & Mutations

You cannot wear most types of armour.
You are amphibious.
You can wear up to eight rings at the same time.
Your skin changes colour to match your surroundings (Stealth+).
Your rubbery body absorbs attacks. (AC +1, EV +1)
((You are camouflaged near water. (Stealth+)))
You have tentacles for arms and can constrict up to eight enemies at once.


Message History

You squeeze the gnoll shaman.
The gnoll shaman is lightly wounded.
You constrict the gnoll shaman.
The gnoll shaman hits you with a +0 club.
You tentacle-slap the gnoll shaman but do no damage.
You squeeze the gnoll shaman!
The gnoll shaman is severely wounded.
You constrict the gnoll shaman, but do no damage.
The gnoll shaman struggles to escape constriction.
You tentacle-slap the gnoll shaman but do no damage.
The gnoll shaman is severely wounded.
You constrict the gnoll shaman.
The gnoll shaman mumbles some strange prayers to its god against you.
You resist with some effort.
You tentacle-slap the gnoll shaman.
The gnoll shaman is almost dead.
You constrict the gnoll shaman, but do no damage.
The gnoll shaman escapes!
You tentacle-slap the gnoll shaman but do no damage.
Your grab misses the gnoll shaman.
The gnoll shaman is almost dead.
The gnoll shaman completely misses you.
You tentacle-slap the gnoll. You grab the gnoll.
The gnoll is lightly wounded.
You constrict the gnoll. The gnoll barely misses you.
The gnoll closely misses you. The gnoll hits you with a +0 club.
The gnoll shaman prays to its god.
The gnoll shaman is healed somewhat.
You tentacle-slap the gnoll but do no damage.
The gnoll is moderately wounded.
You constrict the gnoll. The gnoll closely misses you.
The gnoll shaman completely misses you. The gnoll barely misses you.
You tentacle-slap the gnoll shaman. Your grab misses the gnoll shaman.
The gnoll shaman is almost dead.
You constrict the gnoll. The gnoll closely misses you.
The gnoll barely misses you.
The gnoll shaman hits you with a +0 club!
* * * LOW HITPOINT WARNING * * *
The gnoll hits you with a +0 club!
You die...

.....g..P.#
......g.P.#
...PPgPP..
#..J.... #....#
#..####
#####.#.....######
#.....#.......Jgg#
#.#####..†#...##@#
.........>..<..#g#
###..##..†#......#
#...#.#.#...[#.#
##..#.#......#.#
#..#.#......### #
#..#.#......#
####..#........#
..##..#........#


You could see a gnoll shaman, 2 gnolls and an endoplasm.

Vanquished Creatures
  A water moccasin skeleton (D:2)
  5 adders
  2 gnolls
  2 worms
  4 dart slugs
  15 endoplasms
  3 giant cockroaches
  7 goblins
  2 hobgoblins (D:2)
  6 jackals
  2 quokkas
  3 ball pythons
  9 bats
  4 frilled lizards
  3 kobolds
  5 rats
73 creatures vanquished.

Vanquished Creatures (others)
  3 plants (D:3)
3 creatures vanquished.

Grand Total: 76 creatures vanquished

Notes
Turn   | Place    | Note
-------+----------+-------------------------------------------
     0 | D:1      | BinkBink the Octopode Monk began the quest for the Orb.
     0 | D:1      | Reached XP level 1. HP: 16/16 MP: 1/1
    78 | D:1      | Reached XP level 2. HP: 18/21 MP: 2/2
   330 | D:1      | Reached skill level 3 in Stealth
   350 | D:1      | Reached XP level 3. HP: 26/26 MP: 3/3
  1290 | D:2      | Reached XP level 4. HP: 31/31 MP: 4/4
  1303 | D:2      | Reached skill level 4 in Stealth
  1734 | D:2      | Reached skill level 5 in Stealth
  1734 | D:2      | Reached XP level 5. HP: 33/36 MP: 5/5
  2862 | D:3      | Noticed a phantom
  2870 | D:3      | Found a runed translucent door.
  2873 | D:3      | Noticed Gargoyl's ghost (weakling GnAK)
  3330 | D:3      | Reached skill level 6 in Stealth
  3338 | D:3      | Slain by a gnoll

Illustrated notes

Levels and vault maps discovered:
D:1:      matt_arrival_debris, layout_basic
D:2:      minmay_chambers_of_ones, layout_loops_cross,
          minmay_misc_feat_four_crosses, minmay_misc_feat_encased,
          minmay_large_rounded_square
D:3:      layout_basic, ebering_ghost_sewer_d, minmay_misc_feat_pillars,
          nicolae_grassy_gnolls

Skill      XL: |  1  2  3  4  5 |
---------------+----------------+-----
Stealth        | 3 5 6 |  6.0
Unarmed Combat | 4 |  4.2
Fighting       | |  3.4
Dodging        | |  3.4

Action                   |  1- 3 |  4- 6 || total
-------------------------+-------+-------++-------
Melee: Unarmed           |    68 |    86 ||   154
       Constrict         |    15 |    18 ||    33
       Tentacles         |    14 |    20 ||    34
       Punch             |     3 |     3 ||     6
  Use: Potion            |     3 |     1 ||     4
       Scroll            |       |     2 ||     2
 Stab: Sleeping          |    20 |    17 ||    37
Armor: Skin              |     7 |     5 ||    12
Dodge: Dodged            |    28 |    39 ||    67

Table legend: (Time is in decaauts)
 A = Elapsed time spent in this place.
 B = Non-inter-level travel time spent in this place.
 C = Inter-level travel time spent in this place.
 D = Time resting spent in this place.
 E = Time spent auto-exploring this place.
 F = Levels seen in this place.
 G = Mean time per level.
                   A        B        C        D        E       F      G
               +--------+--------+--------+--------+--------+-----+--------+
         Total |   3308 |   3229 |     79 |      0 |   2666 |   3 | 1102.7 |
       Dungeon |   3308 |   3229 |     79 |      0 |   2666 |   3 | 1102.7 |
               +--------+--------+--------+--------+--------+-----+--------+

Top non-repeatable levels by time:
     D:2: 1786 daAuts
     D:1: 785 daAuts
     D:3: 736 daAuts
